 Dungeon Crawl Stone Soup version 0.13.0-19-g8e0b589 (webtiles) character file.

569 M4edhros the Covert (level 6, -1/39 HPs)
             Began as an Octopode Artificer on Oct 26, 2013.
             Slain by Duvessa
             ... wielding a +0,+0 elven short sword
              (10 damage)
             ... on Level 4 of the Dungeon.
             The game lasted 00:03:33 (2536 turns).

M4edhros the Covert (Octopode Artificer)            Turns: 2536, Time: 00:03:34

HP  -1/39        AC  1     Str 10      XL: 6   Next: 46%
MP   9/9         EV 11     Int 16      God:
Gold 249         SH  7     Dex 13      Spells:  0 memorised,  5 levels left

Res.Fire  : . . .   See Invis. : .   a - +0 short sword
Res.Cold  : + . .   Warding    : .   o - +0 orc buckler
Life Prot.: . . .   Conserve   : .   l - +0 wizard hat
Res.Poison: .       Res.Corr.  : .   (no amulet)
Res.Elec. : .       Clarity    : .   q - ring of protection from cold
Sust.Abil.: . .     Spirit.Shd : .   (no ring)
Res.Mut.  : .       Stasis     : .   (no ring)
Res.Rott. : .       Flight     : .   (no ring)
Saprovore : . . .                    (no ring)
                                     (no ring)
                                     (no ring)
                                     (no ring)

@: slightly resistant to hostile enchantments, extremely stealthy
A: almost no armour, amphibious, 8 rings, constrict 8, camouflage 1, AC +1
a: no special abilities


You were on level 4 of the Dungeon.
You were not hungry.

You visited 1 branch of the dungeon, and saw 4 of its levels.

You collected 229 gold pieces.

Inventory:

Hand weapons
 a - a +0,+0 short sword (weapon)
 u - a +4,+1 elven dagger
Missiles
 h - 2 javelins (quivered)
Armour
 l - a +0 wizard hat (worn)
 o - a +0 orcish buckler (worn)
Magical devices
 b - a wand of flame (14)
 c - a wand of enslavement (10)
 d - a wand of random effects (10)
Comestibles
 f - 3 bread rations
 j - 2 meat rations
 p - a beef jerky
Scrolls
 e - 4 scrolls of identify
 g - a scroll of remove curse {unknown}
 k - a scroll of enchant armour {unknown}
 m - a scroll of curse weapon {unknown}
 r - a scroll of fog
 t - a scroll of recharging
Jewellery
 q - a ring of protection from cold (left tentacle)
Potions
 i - a potion of heal wounds
 s - a potion of agility


   Skills:
 - Level 1.0 Fighting
 - Level 1.0 Short Blades
 - Level 2.0 Dodging
 + Level 9.2 Stealth
 - Level 3.2 Evocations


You had 5 spell levels left.
You didn't know any spells.

Dungeon Overview and Level Annotations

Branches:
Dungeon (4/27)
 Temple: D:4-7

Altars:

Shops:
D:4 *

Annotations:
D:4 Duvessa


Innate Abilities, Weirdness & Mutations

You cannot wear most types of armour.
You are amphibious.
You can wear up to eight rings at the same time.
You can use your tentacles to constrict many enemies at once.
Your skin changes colour to match your surroundings (Stlth).
Your rubbery body absorbs attacks (AC +1).


Message History

The puff of flame hits Duvessa.
Duvessa is moderately wounded.
This wand has 14 charges left.
You constrict Duvessa.
Duvessa hits you with an elven short sword!
* * * LOW HITPOINT WARNING * * *
Evoke which item? (* to show all) (? for menu, Esc to quit)
Zapping:
d - a wand of random effects (12)
Press: ? - help, Shift-Dir - straight line, f/p - Duvessa
Aim: Duvessa, wielding an elven short sword, wearing an elven robe and carrying a wand of magic darts {zapped: 2} (moderately wounded, constricted by you) Duvessa struggles to resist.
This wand has 11 charges left.
You constrict Duvessa, but do no damage.
Duvessa closely misses you.
Evoke which item? (* to show all) (? for menu, Esc to quit)
Zapping:
d - a wand of random effects (11)
Press: ? - help, Shift-Dir - straight line, f/p - Duvessa
Aim: Duvessa, wielding an elven short sword, wearing an elven robe and carrying a wand of magic darts {zapped: 2} (moderately wounded, constricted by you) Duvessa flickers and vanishes!
Deactivating autopickup; reactivate with Ctrl-A.
This wand has 10 charges left.
You constrict it. It hits you!
You die...

#.##.##.# #.##.#
#.......# #.##.#
###...### #..... ##
#...# ####.# . #..%#
##..# ###### #...#
#.#.. ....... #...#
##.#. .....#
#######...#########..
.....#
#...@.....(.....# ##.
.....#
........{.......#...#
#. ....##
##.#...............# #.
....###.#
.#######...####.## #.
%%......###.## #...#
#.#####. #.#######..#.#
#...# #....... ..##
#.... #...# #######.
##.## #..# # ##...# ##.
..#.#####..#####.##...#
#..


There were no monsters in sight!

Vanquished Creatures
  Edmund (D:4)
  A hound (D:3)
  Dowan (D:4)
  A worker ant (D:4)
  Ijyb (D:3)
  An adder (D:2)
  2 giant mites
  A worm (D:2)
  2 giant geckos
  3 oozes (D:1)
  3 giant cockroaches (D:1)
  5 goblins
  A hobgoblin (D:1)
  4 jackals (D:1)
  4 kobolds
  A quokka (D:2)
  A ball python (D:1)
  11 bats
  4 giant newts
  An orc skeleton (D:4)
  4 rats
  A plant (D:1)
54 creatures vanquished.

Vanquished Creatures (collateral kills)
  A hound (D:4)
  A bat (D:4)
2 creatures vanquished.

Grand Total: 56 creatures vanquished

Notes
Turn   | Place    | Note
--------------------------------------------------------------
     0 | D:1      | M4edhros, the Octopode Artificer, began the quest for the Orb.
     0 | D:1      | Reached XP level 1. HP: 14/14 MP: 1/1
   104 | D:1      | Reached XP level 2. HP: 17/19 MP: 3/3
   572 | D:1      | Reached skill level 4 in Stealth
   619 | D:1      | Reached XP level 3. HP: 17/24 MP: 4/4
   963 | D:2      | Reached skill level 5 in Stealth
  1173 | D:2      | Reached XP level 4. HP: 10/29 MP: 6/6
  1434 | D:3      | Noticed Ijyb
  1450 | D:3      | Killed Ijyb
  1604 | D:3      | Reached skill level 6 in Stealth
  1604 | D:3      | Reached XP level 5. HP: 12/34 MP: 7/7
  1841 | D:4      | Reached skill level 7 in Stealth
  1945 | D:4      | Noticed Edmund
  1956 | D:4      | Killed Edmund
  1956 | D:4      | Reached skill level 8 in Stealth
  1956 | D:4      | Reached XP level 6. HP: 28/39 MP: 9/9
  2013 | D:4      | Found Likhim's Assorted Antiques.
  2168 | D:4      | Noticed Duvessa
  2169 | D:4      | Noticed Dowan
  2194 | D:4      | Killed Dowan
  2194 | D:4      | Reached skill level 9 in Stealth
  2536 | D:4      | Slain by Duvessa

Action                   |  1- 3 |  4- 6 || total
-------------------------+-------+-------++-------
Melee: Short sword       |   106 |    69 ||   175
Evoke: Wand              |       |    11 ||    11
  Use: Potion            |     2 |     4 ||     6
       Scroll            |       |     2 ||     2
 Stab: Sleeping          |     8 |     7 ||    15
